 Dungeon Crawl Stone Soup version 0.28.0-43-g3370ac3207 (webtiles) character file.

Game seed: 8375701527999669674

3 tizbic2 the Conjurer (level 1, 0/14 HPs)
             Began as a Ghoul Conjurer on Mar 7, 2022.
             Slain by a hobgoblin (2 damage)
             ... on level 1 of the Dungeon.
             The game lasted 00:01:01 (206 turns).

tizbic2 the Conjurer (Ghoul Conjurer)                Turns: 206, Time: 00:01:02

Health: 0/14       AC:  2    Str: 10    XL:     1   Next: 50%
Magic:  1/2        EV: 11    Int: 13    God:
Gold:   8          SH:  0    Dex:  7    Spells: 2/3 levels left

rFire   . . .      SeeInvis .   g - +0 mace
rCold   + . .      Faith    .   (no shield)
rNeg    + + +      Spirit   .   a - +0 robe
rPois   ∞          Reflect  .   (no helmet)
rElec   .          Harm     .   (no cloak)
rCorr   .          Rampage  .   (no gloves)
Will    .....                   (no boots)
Stlth   ++........              (no amulet)
HPRegen 0.00/turn               (no ring)
MPRegen 0.08/turn               (no ring)

@: very slightly contaminated, inhibited regen
A: claws 1, cold resistance 1, negative energy resistance 3, inhibited
regeneration, torment resistance 2
a: no special abilities


You were on level 1 of the Dungeon.
You visited 1 branch of the dungeon, and saw 1 of its levels.

You collected 8 gold pieces.

Inventory:

Hand Weapons
 g - a +0 mace (weapon)
Missiles
 b - 11 stones (quivered)
Armour
 a - a +0 robe (worn)
Jewellery
 d - a ring of ice
Scrolls
 c - 2 scrolls of teleportation {unknown}
 h - a scroll of identify {unknown}
Potions
 e - a potion of magic {unknown}
 f - a potion of flight {unknown}


   Skills:
 * Level 0.2 Armour
 - Level 1.7 Dodging
 - Level 2.1 Stealth
 * Level 0.4 Unarmed Combat
 + Level 1.8 Spellcasting
 + Level 3.2 Conjurations


You had 2 spell levels left.
You knew the following spells:

 Your Spells              Type           Power      Damage    Failure   Level
a - Magic Dart            Conj           36%        1d4       7%          1

Your spell library contained the following spells:

 Spells                   Type           Power      Damage    Failure   Level
 Searing Ray              Conj           18%        2d5       11%         2
 Dazzling Flash           Conj/Hex       10%        N/A       36%         3
 Fulminant Prism          Conj/Hex       2%         3d6       78%         4
 Iskenderun's Mystic Bla  Conj/Tloc      5%         2d3       78%         4


Dungeon Overview and Level Annotations

Branches:
Dungeon (1/15)

Altars:


Innate Abilities, Weirdness & Mutations

You thrive by killing the living.
You are immune to poison.
You have sharp fingernails.
Your flesh is cold resistant. (rC+)
You are immune to negative energy. (rN+++)
You do not regenerate when monsters are visible.
You are immune to unholy pain and torment.


Message History

You closely miss the giant cockroach.
The giant cockroach is severely wounded.
The giant cockroach closely misses you. x2
You barely miss the giant cockroach.
The giant cockroach is severely wounded.
The giant cockroach bites you but does no damage.
You hit the giant cockroach.
You kill the giant cockroach!
h - a scroll labelled XUUSHR PIYTILI You start resting.
HP restored.
A hobgoblin comes into view.
The hobgoblin shouts!
A bat comes into view.
Found a scroll labelled FAMATW IRHET and 5 gold pieces.
The bat moves out of view.
The hobgoblin closely misses you.
You hit the hobgoblin.
The hobgoblin is moderately wounded.
The hobgoblin hits you.
You completely miss the hobgoblin.
The hobgoblin is moderately wounded.
The hobgoblin hits you. x2
You hit the hobgoblin but do no damage.
The hobgoblin is moderately wounded.
The hobgoblin barely misses you.
You barely miss the hobgoblin.
The hobgoblin is moderately wounded.
The hobgoblin hits you.
* * * LOW HITPOINT WARNING * * *
The hobgoblin closely misses you.
Casting: Magic Dart (safe; 7% risk of failure)
Confirm with . or Enter, or press ? or * to list all spells.
Aiming: Magic Dart (safe; 7% risk of failure)
Press: ? - help, Shift-Dir - straight line, f - hobgoblin
Aim: a hobgoblin (100% to hit)
You miscast Magic Dart.
You are very lightly contaminated with residual magic.
Nothing appears to happen.
The hobgoblin hits you.
You die...

.## $.# . #.. #.
#.. .? ..# #. #b#
#.##.##g#
#......@###.#
#####.#..##.#
#....##.#
####..#.# #..#.#
##.#.# #.#†#
##############.#.#
#.†..............#


You could see a hobgoblin and a bat.

Vanquished Creatures
  A giant cockroach (D:1)
  A hobgoblin (D:1)
  A frilled lizard (D:1)
3 creatures vanquished.

Notes
Turn   | Place    | Note
-------+----------+-------------------------------------------
     0 | D:1      | tizbic2 the Ghoul Conjurer began the quest for the Orb.
     0 | D:1      | Reached XP level 1. HP: 14/14 MP: 2/2
   206 | D:1      | Slain by a hobgoblin

Illustrated notes

Levels and vault maps discovered:
D:1:      eino_arrival_cavern_c, layout_basic, ebering_ecumenical_altar_box

Action                   || total
-------------------------++-------
Melee: Mace              ||    13
Throw: Stone             ||     4
 Cast: Magic Dart        ||     2
 Stab: Sleeping          ||     1
Armor: Robe              ||     3
Dodge: Dodged            ||    11
